 Dungeon Crawl Stone Soup version 0.19.3-4-gbf9329e (webtiles) character file.

64842 Wardy1 the Cleaver (level 14, 0/117 HPs)
             Began as a Deep Dwarf Fighter on Jan 29, 2017.
             Was a High Priest of Hepliaklqana.
             Hit by a large rock thrown by a cyclops (26 damage)
             ... on level 15 of the Dungeon.
             The game lasted 01:31:18 (14200 turns).

Wardy1 the Cleaver (Deep Dwarf Fighter)            Turns: 14200, Time: 01:31:19

Health: 0/117      AC: 32    Str: 24    XL:     14   Next: 73%
Magic:  19/19      EV:  8    Int:  6    God:    Hepliaklqana [*****.]
Gold:   388        SH:  0    Dex: 12    Spells: 0 memorised, 13 levels left

rFire  . . .     SeeInvis .     C - +3 great sword (vamp)
rCold  . . .     Gourm    .     w - +3 crystal plate armour
rNeg   + . .     Faith    .     (shield currently unavailable)
rPois  .         Spirit   .     (helmet restricted)
rElec  .         Reflect  .     r - +0 cloak
rCorr  .         Harm     .     a - +0 pair of gloves
MR     +++..                    l - +0 pair of boots
Stlth  ..........               (no amulet)
                                d - ring of magical power
                                n - ring of protection from magic

@: non-regenerating, studying 2 skills, drained
A: damage resistance, recharge devices, reduced essence, antennae 1, iridescent
scales 1, thin metallic scales 1, deterioration 1, dopey 2, low mp 1, mutation
resistance 1, negative energy resistance 1, sense surroundings 2, slow
regeneration 3
a: Device Recharging, Recall Ancestor, Ancestor Identity, Transference,
Idealise, Renounce Religion


You were on level 15 of the Dungeon.
You worshipped Hepliaklqana.
Hepliaklqana was extremely pleased with you.
You were not hungry.

You visited 2 branches of the dungeon, and saw 16 of its levels.
You also visited: Trove.

You collected 812 gold pieces.
You spent 424 gold pieces at shops.

Inventory:

Hand Weapons
 C - a +3 vampiric great sword (weapon)
 K - the +1 broad axe of Doubt {speed, *Drain +Rage rElec rPois}
   (You bought it in a shop on level 6 of the Dungeon)

   Attacks with this weapon are significantly faster.
   It insulates you from electricity.
   It protects you from poison.
   It lets you go berserk.
   It causes draining when unequipped.
Missiles
 X - 112 arrows
Armour
 a - a +0 pair of gloves (worn)
 l - a +0 pair of boots (worn)
 r - a +0 cloak (worn)
 w - a +3 crystal plate armour (worn)
 I - a +1 shield of positive energy
Magical Staves
 O - an uncursed staff of wizardry
Rods
 M - a +0 iron rod (9/9)
   (You found it on level 8 of the Dungeon)
Jewellery
 d - a ring of magical power (right hand)
 k - a +5 ring of intelligence
 n - a ring of protection from magic (left hand)
 D - an uncursed ring of see invisible {unknown}
Wands
 e - a wand of heal wounds (1/9)
 o - a wand of flame (2/48)
 q - a wand of polymorph (15/24)
 y - a wand of random effects (35/48)
 B - a wand of paralysis (9/24)
 N - a wand of flame (14/48)
Scrolls
 c - a scroll of fog
 h - 5 scrolls of identify
 i - 3 scrolls of teleportation
 j - 17 scrolls of remove curse
 p - a scroll of brand weapon
 G - a scroll of fear {unknown}
 H - 3 scrolls of blinking
 L - 3 scrolls of holy word
 P - 3 scrolls of magic mapping
Potions
 b - 2 potions of heal wounds
 t - 2 potions of berserk rage
 u - 6 potions of flight
 z - a potion of curing
 U - a potion of haste {unknown}
 W - a potion of cure mutation
Books
 x - Sif Muna's Compendium of Floating Boosts
   (You found it in a treasure trove)

   Spells                             Type                      Level
   a - Swiftness                      Charms/Air                   2
   b - Shroud of Golubria             Charms/Translocation         2
   c - Ozocubu's Armour               Charms/Ice                   3
   d - Lightning Bolt                 Conjuration/Air              5
   e - Silence                        Hexes/Air                    5
   f - Conjure Ball Lightning         Conjuration/Air              6
   g - Ring of Flames                 Charms/Fire                  7
   h - Tornado                        Air                          9
 E - a manual of Hexes
 F - Sif Muna's Handbook of Unstable Enhancements
   (You found it in a treasure trove)

   Spells                             Type                      Level
   a - Infusion                       Charms                       1
   b - Apportation                    Translocation                1
   c - Dispersal                      Translocation                6
   d - Disjunction                    Translocation                8
 R - a manual of Crossbows
Miscellaneous
 A - a lamp of fire
 S - a disc of storms
 T - a crystal ball of energy
 Y - a sack of spiders
 Z - a fan of gales
Comestibles
 f - 6 bread rations
 g - 9 beef jerkies
 m - a royal jelly
 s - 9 fruits
 v - 9 meat rations
 V - a slice of pizza


   Skills:
 - Level 9.7(9.1) Fighting
 * Level 4.1(3.6) Long Blades
 - Level 13.5(12.9) Axes
 - Level 9.9(9.3) Crossbows
 - Level 12.1(11.5) Armour
 - Level 8.8(8.2) Dodging
 - Level 12.0(11.4) Shields
 - Level 2.5(2.0) Hexes
 - Level 7.9(7.3) Invocations
 - Level 9.7(9.1) Evocations


You had 13 spell levels left.
You didn't know any spells.

Dungeon Overview and Level Annotations

Branches:
Dungeon (15/15)            Temple (1/1) D:5            Lair (0/6) D:10
    Orc (0/2) D:12         Vaults (0/5) D:14         Depths (0/5) D:15

Altars:
Ashenzari
Dithmenos
Elyvilon
Fedhas
Gozag
Hepliaklqana
Kikubaaqudgha
Makhleb
Okawaru
Ru
Sif Muna
Trog
Uskayaw
Xom
Yredelemnul
The Shining One

Shops:
D:6 (   D:8 (   D:9 :?=%   D:12 [([??   D:13 [(*   D:14 :


Innate Abilities, Weirdness & Mutations

You are resistant to damage.
You can recharge devices by infusing magical energy.
You resist negative energy. (rN+)
You passively map the area around you.
You do not regenerate.
Your life essence is reduced. (-10% HP)
You have a pair of small antennae on your head.
You are partially covered in iridescent scales. (AC +2)
You are partially covered in thin metallic scales. (AC +2)
Your body sometimes deteriorates upon taking damage.
You are very dopey. (Int -4)
Your magical capacity is low. (-10% MP)
You are somewhat resistant to further mutation.


Message History

You see here a shortbow.
There is an open door here.
A cyclops comes into view.
The cyclops shouts!
The cyclops throws a large rock.
The large rock hits you but does no damage.
You see here a large rock.
The cyclops throws a large rock.
The large rock hits you!
You see here a large rock.
The cyclops throws a large rock.
The large rock hits you!!
* * * LOW HITPOINT WARNING * * *
You see here a large rock.
You are too injured to fight recklessly!
You are too injured to fight recklessly!
You are too injured to fight recklessly!
You are too injured to fight recklessly!
The cyclops throws a large rock.
The large rock hits you.
You see here a large rock.
The cyclops throws a large rock.
The large rock hits you!!
You die...

..#..#....#.#......#..#
..#..####'#†#......#..#
..#<........#......#..#
..#.........#......#..#
###.........#......#.(####
............########.....#
...................(.....#
..................(......#
#######...)...C.@R(......#
#.....##.................#
.......##................#
.#####).#.............####
.#.).#).#.............#
)).>.#..)...########..#
)#...#..#...#......#..#
.#####..#...'......#..#
.......##...#R.....#


You could see the friendly Parapsycho the battlemage and a cyclops.

Vanquished Creatures
  Kirke (D:15)
  A storm dragon (D:14)
  A frost giant (D:14)
  Louise (D:15)
  Josephine (D:15)
  A vault guard (D:14)
  3 hydras
  5 centaur warriors
  The ghost of markt42 the Cleaver, a novice HOFi of Okawaru (D:9)
  A death knight (D:13)
  Urug (D:15)
  3 wizards (D:15)
  A glowing orange brain (D:14)
  A necromancer (D:14)
  2 hill giants
  A wolf spider zombie (D:15)
  A wolf spider (D:15)
  2 manticores
  16 ugly things
  2 cyclopes
  A naga mage (D:12)
  A spiny frog (shapeshifter) (D:14)
  A gargoyle (D:12)
  3 yaktaurs (D:14)
  2 centaur skeletons (D:15)
  2 freezing wraiths (D:13)
  3 trolls
  2 tengu conjurers (D:14)
  A hornet (D:12)
  2 two-headed ogres (D:15)
  4 hippogriffs
  2 slime creatures (D:15)
  2 shadows
  2 vampires
  7 redbacks (D:12)
  3 wraiths (D:15)
  19 yaks
  4 wyverns
  2 hogs (D:15)
  A hungry ghost (D:14)
  11 humans (D:14)
  3 vampire mosquitoes
  A mottled dragon (D:15)
  Duvessa (D:4)
  3 ice beasts
  8 orc warriors
  3 black bears
  3 sky beasts
  An eye of draining (D:8)
  A centaur (D:9)
  8 ogres
  3 crocodiles
  A big kobold (D:10)
  Blork the orc (D:6)
  7 bullfrogs
  Dowan (D:4)
  7 scorpions
  7 killer bees
  6 wights
  2 howler monkeys
  7 crimson imps
  A wyvern simulacrum (D:14)
  3 bullfrog zombies
  2 centaur zombies
  4 hounds
  2 jellies
  13 orc wizards
  Crazy Yiuf (D:6)
  2 iguanas
  12 orc priests
  2 bullfrog skeletons
  13 worker ants
  A killer bee zombie (D:7)
  2 hound skeletons
  A howler monkey zombie (D:6)
  A worker ant zombie (D:11)
  8 gnolls
  9 adders
  3 shadow imps
  2 oozes (D:1)
  An adder skeleton (D:7)
  2 adder zombies
  4 worms
  A dart slug (D:1)
  3 leopard geckos
  69 orcs
  2 ball pythons
  7 giant cockroaches
  11 goblins
  4 hobgoblins
  4 jackals
  6 quokkas
  12 bats
  7 frilled lizards
  7 kobolds
  A quokka skeleton (D:8)
  8 rats
426 creatures vanquished.

Vanquished Creatures (collateral kills)
  A spark wasp (D:14)
  The ghost of markt42 the Severer, a journeyman HOFi of Okawaru (D:11)
  A hydra (D:15)
  An ogre mage (D:15)
  2 centaur warriors (D:15)
  A tengu warrior (D:13)
  A fire crab (D:14)
  A skeletal warrior (D:13)
  2 wizards
  3 hill giants
  A necromancer (D:14)
  An orc sorcerer (D:15)
  3 ugly things (D:14)
  A cyclops (D:14)
  Psyche (D:9)
  2 komodo dragons (D:13)
  3 trolls
  2 hornets
  A two-headed ogre (D:15)
  A slime creature (D:15)
  A hippogriff (D:14)
  A vampire (D:11)
  A redback (D:12)
  A wraith (D:15)
  10 yaks
  A wyvern (D:11)
  2 hogs (D:15)
  A vampire mosquito (D:12)
  6 humans (D:14)
  Menkaure (D:7)
  2 mottled dragons (D:15)
  A water moccasin (D:13)
  4 orc warriors
  2 phantoms (D:9)
  An ice beast (D:9)
  An eye of draining (D:10)
  A boggart (D:14)
  2 centaurs (D:15)
  5 ogres
  A bullfrog (D:11)
  2 scorpions
  A killer bee (D:10)
  A howler monkey (D:12)
  7 wights
  4 crimson imps
  A bullfrog zombie (D:8)
  2 hounds
  5 orc wizards
  4 orc priests
  4 worker ants
  A hound skeleton (D:7)
  A worker ant zombie (D:8)
  2 gnolls (D:12)
  4 adders
  A shadow imp (D:8)
  2 leopard geckos (D:6)
  17 orcs
  2 goblins
  A jackal (D:6)
  2 quokkas
  A leopard gecko skeleton (D:8)
140 creatures vanquished.

Vanquished Creatures (others)
  3 humans (D:15)
  3 centaurs (D:15)
  7 battlemagi
  An ancestor (D:5)
14 creatures vanquished.

Grand Total: 580 creatures vanquished

Notes
Turn   | Place    | Note
-------+----------+-------------------------------------------
     0 | D:1      | Wardy1 the Deep Dwarf Fighter began the quest for the Orb.
     0 | D:1      | Reached XP level 1. HP: 20/20 MP: 1/1
   196 | D:1      | Reached skill level 3 in Axes
   196 | D:1      | Reached XP level 2. HP: 25/27 MP: 2/2
   388 | D:1      | Reached XP level 3. HP: 28/33 MP: 3/3
   649 | D:2      | Reached skill level 4 in Axes
  1324 | D:2      | Reached XP level 4. HP: 37/40 MP: 4/4
  1380 | D:3      | Reached skill level 5 in Axes
  1516 | D:3      | Reached XP level 5. HP: 40/46 MP: 5/5
  1622 | D:3      | Reached skill level 6 in Axes
  1942 | D:3      | Reached XP level 6. HP: 41/55 MP: 6/6
  2357 | D:4      | Reached skill level 1 in Dodging
  2390 | D:4      | Reached skill level 7 in Axes
  2469 | D:4      | Found an opulent altar of Gozag.
  2508 | D:4      | Reached XP level 7. HP: 21/61 MP: 7/7
  2635 | D:4      | Noticed Duvessa
  2637 | D:4      | Noticed Dowan
  2647 | D:4      | Killed Duvessa
  2661 | D:4      | HP: 3/61 [Dowan/shard of ice (17)]
  2680 | D:4      | Killed Dowan
  2725 | D:5      | Entered Level 5 of the Dungeon
  2766 | D:5      | Reached skill level 1 in Evocations
  2969 | D:5      | Reached skill level 5 in Armour
  2969 | D:5      | Reached skill level 5 in Shields
  3054 | D:5      | Found a staircase to the Ecumenical Temple.
  3072 | Temple   | Entered the Ecumenical Temple
  3144 | Temple   | Became a worshipper of Hepliaklqana the Forgotten
  3359 | D:5      | Reached XP level 8. HP: 45/61 MP: 9/9
  3582 | D:5      | Reached skill level 8 in Axes
  3674 | D:5      | HP: 2/61 [ogre/giant spiked club (21)]
  3978 | D:6      | Found Qibaesa's Antique Weapon Boutique.
  4064 | D:6      | Reached * piety under Hepliaklqana
  4100 | D:6      | Found a runed door.
  4188 | D:6      | Found a shattered altar of Ashenzari.
  4749 | D:6      | Reached skill level 9 in Axes
  4847 | D:6      | Noticed Crazy Yiuf
  4847 | D:6      | Noticed Blork the orc
  4851 | D:6      | Killed Blork the orc
  4856 | D:6      | Killed Crazy Yiuf
  4941 | D:7      | Noticed a hornet
  4943 | D:7      | Paralysed by a hornet for 1 turns
  4948 | D:7      | Paralysed by a hornet for 2 turns
  4959 | D:7      | Killed a hornet
  4959 | D:7      | Gained mutation: You passively map the area around you. [Deep Dwarf growth]
  4959 | D:7      | Reached XP level 9. HP: 19/66 MP: 11/11
  5107 | D:7      | Found a white marble altar of Elyvilon.
  5362 | D:7      | Reached ** piety under Hepliaklqana
  5363 | D:7      | Remembered your ancestor Parapsycho as a battlemage
  5454 | D:7      | Reached skill level 1 in Invocations
  5485 | D:7      | Gained mutation: You have a pair of small horns on your head. [mutagenic meat]
  5486 | D:7      | Gained mutation: You possess an exceptional clarity of mind. [mutagenic meat]
  5487 | D:7      | Gained mutation: Your mind is acute. (Int +2) [mutagenic meat]
  5488 | D:7      | Gained mutation: You are weak. (Str -2) [mutagenic meat]
  5489 | D:7      | Lost mutation: You are weak. (Str -2) [mutagenic meat]
  5521 | D:7      | Noticed Menkaure
  5529 | D:7      | Killed Menkaure
  5709 | D:7      | Reached skill level 5 in Evocations
  6129 | D:8      | Found Moqemy's Weapon Shoppe.
  6199 | D:8      | Reached XP level 10. HP: 45/76 MP: 14/14
  6213 | D:8      | Reached *** piety under Hepliaklqana
  6448 | D:6      | Bought a jewelled broad axe for 252 gold pieces
  6448 | D:6      | Identified the +1 broad axe of Doubt {speed, *Drain +Rage rElec rPois} (You bought it in a shop on level 6 of the Dungeon)
  6503 | D:9      | Noticed markt42's ghost (novice HOFi)
  6515 | D:9      | Killed markt42's ghost
  6605 | D:9      | Noticed Psyche
  6748 | D:9      | Found a burning altar of Makhleb.
  6772 | D:9      | Reached skill level 5 in Fighting
  6796 | D:9      | Found Suopavy's Jewellery Shop.
  6820 | D:9      | Killed Psyche
  6956 | D:9      | Found Zetiopt's Book Emporium.
  6956 | D:9      | Found Fucecem's Magic Scroll Shoppe.
  6962 | D:9      | Reached skill level 5 in Invocations
  7034 | D:9      | Found Jiluq's Food Shop.
  7132 | D:9      | Noticed a centaur warrior
  7147 | D:9      | Killed a centaur warrior
  7452 | D:10     | Entered Level 10 of the Dungeon
  7477 | D:10     | HP: 1/81 [orc warrior/halberd (12)]
  7495 | D:10     | Reached skill level 1 in Crossbows
  7531 | D:10     | Reached XP level 11. HP: 29/87 MP: 16/16
  7720 | D:10     | Found a staircase to the Lair.
  7779 | D:10     | Reached **** piety under Hepliaklqana
  7826 | D:10     | Found an iron altar of Okawaru.
  8029 | D:10     | Reached skill level 5 in Dodging
  8458 | D:11     | HP: 2/90 [something/vampiric draining (8)]
  8489 | D:11     | Noticed markt42's ghost (journeyman HOFi)
  8503 | D:11     | Killed markt42's ghost
  8794 | D:11     | Noticed a red ugly thing
  8804 | D:11     | Killed a red ugly thing
  8804 | D:11     | Reached skill level 10 in Armour
  8959 | D:11     | Noticed a brown ugly thing
  8972 | D:11     | Killed a brown ugly thing
  9090 | D:11     | Reached ***** piety under Hepliaklqana
  9653 | D:11     | Noticed a hill giant
  9663 | D:11     | Killed a hill giant
  9663 | D:11     | Reached skill level 5 in Crossbows
  9767 | D:11     | Found a blossoming altar of Fedhas.
 10027 | D:12     | Reached XP level 12. HP: 41/100 MP: 16/16
 10039 | D:12     | Found Tacvek's Armour Emporium.
 10090 | D:12     | Noticed a centaur warrior
 10091 | D:12     | Found Mara's Magic Scroll Shoppe.
 10101 | D:12     | Killed a centaur warrior
 10106 | D:12     | Bought a scroll of enchant armour for 112 gold pieces
 10121 | D:12     | Found Texy's Magic Scroll Emporium.
 10232 | D:12     | Noticed a four-headed hydra
 10249 | D:12     | Killed an 11-headed hydra
 10271 | D:12     | Paralysed by a hornet for 2 turns
 10438 | D:12     | Noticed a centaur warrior
 10446 | D:12     | Killed a centaur warrior
 10499 | D:12     | Found Ustoih Liph's Weapon Boutique.
 10521 | D:12     | Bought 20 arrows for 60 gold pieces
 10676 | D:12     | Lost mutation: Your mind is acute. (Int +2) [potion of cure mutation]
 10676 | D:12     | Lost mutation: You have a pair of small horns on your head. [potion of cure mutation]
 10676 | D:12     | Lost mutation: You possess an exceptional clarity of mind. [potion of cure mutation]
 10683 | D:12     | Gained mutation: You are resistant to hostile enchantments. (MR+) [potion of mutation]
 10683 | D:12     | Gained mutation: Armour fits poorly on your strangely shaped body. [potion of mutation]
 10683 | D:12     | Gained mutation: Your spells are a little easier to cast, but a little less powerful. [potion of mutation]
 10684 | D:12     | Gained mutation: You have sharp toenails. [potion of mutation]
 10684 | D:12     | Gained mutation: You are partially covered in thin metallic scales. (AC +2) [potion of mutation]
 10684 | D:12     | Gained mutation: Your magical capacity is low. (-10% MP) [potion of mutation]
 10837 | D:12     | Lost mutation: Armour fits poorly on your strangely shaped body. [potion of cure mutation]
 10837 | D:12     | Lost mutation: Your spells are a little easier to cast, but a little less powerful. [potion of cure mutation]
 10837 | D:12     | Lost mutation: You are resistant to hostile enchantments. (MR+) [potion of cure mutation]
 10837 | D:12     | Lost mutation: You have sharp toenails. [potion of cure mutation]
 10838 | D:12     | Gained mutation: Your spells are a little easier to cast, but a little less powerful. [potion of mutation]
 10838 | D:12     | Gained mutation: You are partially covered in iridescent scales. (AC +2) [potion of mutation]
 10838 | D:12     | Gained mutation: You are dopey. (Int -2) [potion of mutation]
 10839 | D:12     | Gained mutation: You have a pair of small antennae on your head. [potion of mutation]
 10839 | D:12     | Lost mutation: Your spells are a little easier to cast, but a little less powerful. [potion of mutation]
 10839 | D:12     | Gained mutation: You have large cloven feet. [potion of mutation]
 10875 | D:12     | Found a staircase to the Orcish Mines.
 10906 | D:12     | Found Ynaclaic's Armour Emporium.
 11254 | D:13     | Noticed a death knight
 11269 | D:13     | Killed a death knight
 11288 | D:13     | Gained mutation: Your flesh is heat resistant. (rF+) [mutagenic meat]
 11290 | D:13     | Lost mutation: Your flesh is heat resistant. (rF+) [mutagenic meat]
 11291 | D:13     | Gained mutation: You are somewhat resistant to further mutation. [mutagenic meat]
 11292 | D:13     | Gained mutation: You are very dopey. (Int -4) [mutagenic meat]
 11366 | D:13     | Found Gagiur's General Store.
 11442 | D:13     | Found Hacsymerch's Armour Shoppe.
 11460 | D:13     | Noticed a tengu warrior
 11488 | D:13     | Killed a tengu warrior
 11493 | D:13     | Reached skill level 10 in Axes
 11586 | D:13     | Found Oniyxir's Antique Weapon Shop.
 11599 | D:13     | Identified a scroll of acquirement
 11778 | D:14     | Reached skill level 10 in Shields
 11778 | D:14     | Reached XP level 13. HP: 32/109 MP: 14/14
 11902 | D:14     | Reached skill level 11 in Axes
 11924 | D:14     | Gained mutation: Your body sometimes deteriorates upon taking damage. [mutagenic meat]
 11925 | D:14     | Lost mutation: You have large cloven feet. [mutagenic meat]
 12099 | D:14     | Noticed a spark wasp
 12099 | D:14     | an eight-headed hydra changed into a spark wasp
 12114 | D:14     | Killed a spark wasp
 12137 | D:14     | Found Kyigat Kaaq's Book Shop.
 12247 | D:14     | Reached skill level 12 in Axes
 12292 | D:14     | Found a gate to the Vaults.
 12721 | D:14     | Reached skill level 13 in Axes
 12733 | D:14     | Noticed a frost giant
 12799 | D:14     | Killed a frost giant
 12799 | D:14     | Gained mutation: You resist negative energy. (rN+) [Deep Dwarf growth]
 12799 | D:14     | Reached XP level 14. HP: 109/117 MP: 12/12
 12974 | D:14     | Noticed a storm dragon
 12991 | D:14     | Killed a storm dragon
 13018 | D:14     | Got a pitted mace
 13019 | D:14     | Identified the +5 mace of the First Ghosts {flame, *Slow Str+7} (You found it on level 14 of the Dungeon)
 13100 | D:15     | Entered Level 15 of the Dungeon
 13114 | D:15     | Noticed Kirke
 13144 | D:15     | Killed Kirke
 13248 | D:15     | Found a portal to a secret trove of treasure.
 13287 | D:15     | You paid a toll of a wand of hasting (9) to enter a treasure trove
 13288 | Trove    | Entered a treasure trove
 13306 | Trove    | Identified Sif Muna's Compendium of Floating Boosts
 13355 | Trove    | Identified Sif Muna's Handbook of Unstable Enhancements
 13501 | D:15     | Reached skill level 1 in Hexes
 13502 | D:15     | Found a shadowy altar of Dithmenos.
 13591 | D:15     | Found a labyrinth entrance.
 13657 | D:15     | Noticed Louise
 13679 | D:15     | Killed Louise
 13751 | D:15     | Noticed Josephine
 13766 | D:15     | Killed Josephine
 13775 | D:15     | Noticed Urug
 13806 | D:15     | Killed Urug
 13979 | D:15     | Reached skill level 1 in Long Blades
 14025 | D:15     | Found a staircase to the Depths.
 14200 | D:15     | Hit by a large rock thrown by a cyclops

Skill      XL: |  1  2  3  4  5  6  7  8  9 10 11 12 13 14 |
---------------+-------------------------------------------+-----
Axes           | 3 4 5 6 7 9 10 13 | 13.5
Armour         | 4 5 6 7 9 10 11 12 | 12.1
Shields        | 4 5 6 7 10 12 | 12.0
Dodging        | 1 2 4 6 7 8 |  8.8
Evocations     | 2 3 6 7 9 |  9.7
Invocations    | 3 5 6 7 |  7.9
Fighting       | 4 6 8 9 |  9.7
Crossbows      | 1 5 7 9 |  9.9
Hexes          | 2 |  2.5
Long Blades    | 4 |  4.1

Action                   |  1- 3 |  4- 6 |  7- 9 | 10-12 | 13-15 || total
-------------------------+-------+-------+-------+-------+-------++-------
Melee: War axe           |   147 |   201 |   391 |    15 |       ||   754
       Headbutt          |       |       |    18 |   129 |       ||   147
       Broad axe         |       |       |       |   621 |   542 ||  1163
       Kick              |       |       |       |    41 |    43 ||    84
       Great sword       |       |       |       |       |    30 ||    30
Invok: Ancestor Identity |       |       |     1 |       |       ||     1
       Ancestor Life: Ba |       |       |     1 |       |       ||     1
       Transference      |       |       |       |     1 |       ||     1
 Abil: Evoke Berserk Rag |       |       |       |     4 |     2 ||     6
       Device Recharging |       |       |       |     3 |     6 ||     9
Evoke: Wand              |     1 |     3 |    11 |    21 |    44 ||    80
       Rod               |       |       |       |       |     1 ||     1
  Use: Scroll            |       |       |     8 |    15 |     7 ||    30
       Potion            |       |       |     3 |    19 |     7 ||    29
 Stab: Distracted        |       |       |     1 |     4 |     7 ||    12
       Sleeping          |       |       |       |     1 |       ||     1
  Eat: Chunk             |     1 |     5 |    17 |    26 |    34 ||    83
       Fruit             |       |       |       |     1 |     2 ||     3
       Bread ration      |       |       |       |       |     1 ||     1
       Pizza             |       |       |       |       |     1 ||     1
       Beef jerky        |       |       |       |       |     1 ||     1
Armor: Scale mail        |    86 |    88 |    44 |       |       ||   218
       Crystal plate arm |       |       |   118 |   329 |   306 ||   753
       Chain mail        |       |       |    16 |       |       ||    16
Dodge: Dodged            |    47 |    64 |    81 |   109 |    89 ||   390
Block: Shield            |    90 |   103 |   194 |   301 |   264 ||   952
       Rpst.: Great sword |       |       |       |       |     4 ||     4
